 Dungeon Crawl Stone Soup version 0.24.0-123-gd5b16e6ec5 (webtiles) character file.

Game seed: 2339035210788434349, levelgen mode: deterministic

537 Goreval the Slasher (level 7, 0/61 HPs)
             Began as a Minotaur Berserker on Jan 12, 2020.
             Was a Believer of Trog.
             Killed by divine providence
             ... invoked by an orc priest
              (16 damage)
             ... on level 4 of the Dungeon.
             The game lasted 00:05:56 (3966 turns).

Goreval the Slasher (Minotaur Berserker)            Turns: 3966, Time: 00:05:57

Health: 0/61       AC:  7    Str: 22    XL:     7   Next: 5%
Magic:  6/6        EV: 11    Int:  4    God:    Trog [**....]
Gold:   255        SH:  0    Dex: 11    Spells: 6/6 levels left

rFire    . . .     SeeInvis .   a - +0 falchion
rCold    . . .     Gourm    .   (no shield)
rNeg     . . .     Faith    .   n - +0 scale mail
rPois    .         Spirit   .   (helmet restricted)
rElec    .         Reflect  .   (no cloak)
rCorr    .         Harm     .   (no gloves)
MR       .....                  (no boots)
Stlth    ..........             (no amulet)
HPRegen  0.20/turn              (no ring)
MPRegen  0.10/turn              (no ring)

@: berserk cooldown, starving, slowed, very slow
A: retaliatory headbutt, horns 2
a: Berserk, Trog's Hand, Renounce Religion


You were on level 4 of the Dungeon.
You worshipped Trog.
Trog was pleased with you.
You were starving.

You visited 1 branch of the dungeon, and saw 5 of its levels.

You collected 255 gold pieces.

Inventory:

Hand Weapons
 a - a +0 falchion (weapon)
Missiles
 h - 151 stones (quivered)
Armour
 n - a +0 scale mail (worn)
Scrolls
 e - a scroll of blinking {unknown}
 f - a scroll of noise {unknown}
 i - 3 scrolls of enchant weapon {unknown}
 k - 2 scrolls of identify {unknown}
 l - a scroll of enchant armour {unknown}
 m - a scroll of amnesia {unknown}
Potions
 b - a potion of berserk rage {unknown}
 d - a potion of resistance {unknown}
 g - 3 potions of haste {unknown}
 j - 2 potions of curing
Comestibles
 c - 8 rations


   Skills:
 + Level 5.3 Fighting
 * Level 6.7 Long Blades
 + Level 4.6 Armour
 + Level 4.2 Dodging


You had 6 spell levels left.
You didn't know any spells.
Your spell library was empty.

Dungeon Overview and Level Annotations

Branches:
Dungeon (5/15)
 Temple: D:4-7

Altars:
Dithmenos


Innate Abilities, Weirdness & Mutations

You reflexively headbutt those who attack you in melee.
You have a pair of horns on your head.


Message History

* * * LOW HITPOINT WARNING * * *
The orc priest closely misses you.
You riposte.
You hit the orc priest but do no damage.
Your headbutt misses the orc priest.
The orc priest calls down the wrath of Beogh upon you.
Pain shoots through your body!
* * * LOW HITPOINT WARNING * * *
The orc barely misses you. You furiously retaliate!
You headbutt the orc, but do no damage.
You feel better.
The orc priest hits you but does no damage.
The orc hits you but does no damage.
Unknown command.
You hit the orc priest but do no damage.
Your headbutt misses the orc priest.
The orc priest casts a cantrip, but nothing happens.
The orc barely misses you.
The orc priest mumbles some strange prayers to Beogh against you.
Beogh smites you!
You die...

...#.#........#...#.#.#.#.#.#.#.#
...#.#........#....###.###.###.##
[.........###.....#.#.#.#.#.#.#.#
####.#....# ##.....#.#.#.#.#.#.#.
#.#.#+## #...################
#.#.#.# ##..# #.#.#.# #..###
######### #.#.#.# #..#.##
#.......# #.#.#.# #o@...#
#.....#.# #.#.#.#
#o.)..#####.....#.# #.#'#'###
#..........####.###
####.......####..........# #.###
..['.....................# #.#..
####.......####..........# #.#..
...............).........# #.#..
####.......####..........# #.#..
#.......# #..........####.#..


You could see an orc priest and an orc.

Vanquished Creatures
  2 ogres
  A wyvern skeleton (D:4)
  A hound (D:4)
  A bullfrog skeleton (D:4)
  3 orc priests (D:4)
  An orc wizard (D:4)
  2 worker ants (D:4)
  3 adders
  3 worms
  A dart slug (D:1)
  13 orcs
  4 giant cockroaches
  2 goblins
  3 hobgoblins
  7 jackals
  4 kobolds
  3 bats
  2 frilled lizards (D:2)
  A leopard gecko zombie (D:5)
  6 rats
63 creatures vanquished.

Notes
Turn   | Place    | Note
-------+----------+-------------------------------------------
     0 | D:1      | Goreval the Minotaur Berserker began the quest for the Orb.
     0 | D:1      | Reached XP level 1. HP: 19/19 MP: 0/0
   120 | D:1      | Reached XP level 2. HP: 27/27 MP: 1/1
   389 | D:1      | Reached skill level 4 in Long Blades
  1076 | D:2      | Reached XP level 3. HP: 32/33 MP: 2/2
  1274 | D:2      | You fall into a shaft and drop 2 floors!
  1292 | D:4      | Reached XP level 4. HP: 40/40 MP: 3/3
  1299 | D:4      | Reached skill level 5 in Long Blades
  1453 | D:4      | Reached XP level 5. HP: 25/47 MP: 4/4
  1870 | D:2      | Reached ** piety under Trog
  2508 | D:3      | Found a shadowy altar of Dithmenos.
  3142 | D:4      | Noticed an ogre
  3152 | D:4      | Killed an ogre
  3152 | D:4      | Reached skill level 6 in Long Blades
  3152 | D:4      | Reached XP level 6. HP: 55/55 MP: 5/5
  3215 | D:4      | Reached skill level 5 in Fighting
  3806 | D:5      | Entered Level 5 of the Dungeon
  3810 | D:5      | Reached XP level 7. HP: 61/61 MP: 6/6
  3966 | D:4      | Killed from afar by an orc priest

Levels and vault maps discovered:
D:1:      dpeg_arrival_tiny_a, layout_loops_corners
D:2:      layout_loops_corners
D:3:      layout_rooms, grunt_dithmenos_smoke, lemuel_another_geyser
D:4:      layout_basic, first_ration, roderic_roman_lattice
D:5:      layout_rooms, temple_statues, kennysheep_flooded_box, tgw_trog,
          uniq_pikel

Skill      XL: |  1  2  3  4  5  6 |
---------------+-------------------+-----
Long Blades    | 4 5 6 |  6.7
Fighting       | 4 5 |  5.3
Armour         | 3 4 |  4.6
Dodging        | 3 4 |  4.2

Action                   |  1- 3 |  4- 6 |  7- 9 || total
-------------------------+-------+-------+-------++-------
Melee: Falchion          |    32 |    92 |    16 ||   140
       Headbutt          |     6 |    21 |     3 ||    30
Throw: Stone             |     9 |    31 |       ||    40
Invok: Berserk           |     2 |     3 |     1 ||     6
  Use: Potion            |       |       |     3 ||     3
 Stab: Sleeping          |     1 |       |       ||     1
  Eat: Ration            |     1 |       |       ||     1
       Chunk             |       |     9 |       ||     9
Armor: Animal skin       |     4 |     6 |       ||    10
       Scale mail        |       |     2 |    12 ||    14
Dodge: Dodged            |    19 |    56 |    15 ||    90
       Rpst.: Falchion   |     4 |    10 |     1 ||    15
